 Dungeon Crawl Stone Soup version 0.21-b1-21-g86478ac299 (webtiles) character file.

119 Ivernyr the Chucker (level 5, -3/54 HPs)
             Began as an Ogre Hunter on Jan 4, 2018.
             Slain by an adder (4 damage)
             ... on level 2 of the Dungeon on Jan 5, 2018.
             The game lasted 00:28:01 (2977 turns).

Ivernyr the Chucker (Ogre Hunter)                   Turns: 2977, Time: 00:28:01

Health: -3/54      AC:  4    Str: 16    XL:     5   Next: 3%
Magic:  5/5        EV: 10    Int: 12    God:
Gold:   105        SH:  0    Dex: 10    Spells: 4/4 levels left

rFire    . . .     SeeInvis .   a - +0 whip
rCold    . . .     Gourm    .   (no shield)
rNeg     . . .     Faith    .   b - +1 robe
rPois    .         Spirit   .   (helmet restricted)
rElec    .         Reflect  .   (no cloak)
rCorr    .         Harm     .   (gloves unavailable)
MR       .....                  (boots unavailable)
Stlth    +.........             l - amulet of inaccuracy (curse)
HPRegen  0.18/turn              (no ring)
MPRegen  0.09/turn              (no ring)

@: lethally poisoned (-3 -> -11), starving
A: large, unfitting armour, tough skin 1
a: no special abilities


You were on level 2 of the Dungeon.
You were starving.

You visited 1 branch of the dungeon, and saw 2 of its levels.

You collected 105 gold pieces.

Inventory:

Hand Weapons
 a - a +0 whip (weapon)
Missiles
 d - 2 throwing nets (quivered)
Armour
 b - a +1 robe (worn)
Jewellery
 l - a cursed amulet of inaccuracy (around neck)
Scrolls
 g - a scroll of enchant armour
Potions
 e - a potion of lignification {unknown}
 j - a potion of cancellation {unknown}
 k - a potion of degeneration {unknown}
Comestibles
 f - 8 rations


   Skills:
 + Level 4.0 Fighting
 + Level 1.5 Maces & Flails
 * Level 5.2 Throwing
 - Level 2.0 Dodging
 - Level 0.6 Stealth


You had 4 spell levels left.
You didn't know any spells.

Dungeon Overview and Level Annotations

Branches:
Dungeon (2/15)

Altars:


Innate Abilities, Weirdness & Mutations

You are too large for most types of armour.
You have tough skin. (AC +1)


Message History

You throw a large rock.
The large rock closely misses the adder.
The large rock hits the goblin!!
You kill the goblin!
* * * LOW HITPOINT WARNING * * *
You feel sick. The adder bites you.
* * * LOW HITPOINT WARNING * * *
You are more poisoned.
The adder poisons you! The adder bites you.
* * * LOW HITPOINT WARNING * * *
Unknown command.
Unknown command.
Throwing (i - inventory. (,) - cycle):
c - a large rock (quivered)
Press: ? - help, Shift-Dir - straight line, f/p - adder
Aim: an adder You throw a large rock.
The large rock completely misses the adder.
* * * LOW HITPOINT WARNING * * *
You feel sick. The adder bites you.
You die...

..#####...>#...#####.# #.#'######
...................#.# #.........
..#####....#...###÷#.####......##
..# #....##### #.#..# #......##
..# #....# #.##.# #......## ###
#....# #.##.# #......## #....#
###....###......## ######
#.(<.(..........##
#@#.............##
######S#.............##
#.....(........#.######
#......................
**********#.g.....###......####..
*,,,,,,,.....P.P..# #......# #..
*,,*,*,,.....PP.P.# #......# ##♣
*,,*,*,,....PP♣♣♣.#*####.#.# **
,,,*,*,,.....♣,,.P#,* #...# *,


You could see an adder.

Vanquished Creatures
  Jessica (D:2)
  3 adders (D:2)
  3 oozes
  4 giant cockroaches
  5 goblins
  7 hobgoblins (D:1)
  4 jackals (D:1)
  5 kobolds
  10 bats
  5 frilled lizards
  6 rats
53 creatures vanquished.

Notes
Turn   | Place    | Note
-------+----------+-------------------------------------------
     0 | D:1      | Ivernyr the Ogre Hunter began the quest for the Orb.
     0 | D:1      | Reached XP level 1. HP: 22/22 MP: 1/1
    68 | D:1      | Reached XP level 2. HP: 18/29 MP: 2/2
   314 | D:1      | HP: 1/31 [hobgoblin/club (2)]
   996 | D:1      | Reached XP level 3. HP: 36/37 MP: 3/3
  1814 | D:2      | Noticed Jessica
  1840 | D:2      | Killed Jessica
  1840 | D:2      | Reached skill level 1 in Maces & Flails
  1840 | D:2      | Reached XP level 4. HP: 48/48 MP: 4/4
  1871 | D:2      | Reached skill level 5 in Throwing
  2046 | D:2      | HP: 2/48 [poisoned by an adder]
  2909 | D:2      | Reached XP level 5. HP: 53/54 MP: 5/5
  2976 | D:2      | HP: 2/54 [adder (1)]
  2977 | D:2      | Slain by an adder

Skill      XL: |  1  2  3  4 |
---------------+-------------+-----
Fighting       | 3 4 |  4.0
Dodging        | 2 |  2.0
Maces & Flails | 1 |  1.5
Throwing       | 5 |  5.2
Stealth        | |  0.6

Action                   |  1- 3 |  4- 6 || total
-------------------------+-------+-------++-------
Melee: Club              |   181 |       ||   181
       Short sword       |     6 |       ||     6
       Whip              |     5 |   173 ||   178
Throw: Large rock        |     2 |    16 ||    18
       Throwing net      |       |     4 ||     4
  Use: Scroll            |       |     4 ||     4
  Eat: Chunk             |     2 |     3 ||     5
Armor: Robe              |    91 |    72 ||   163
Dodge: Dodged            |   133 |   124 ||   257
